 Dungeon Crawl Stone Soup version 0.29-a0-207-gf982a884d8 (webtiles) character file.

Game seed: 9367370015156867391

122584 Rennog the Warrior (level 16, 0/189 HPs)
             Began as an Ogre Fighter on Feb 24, 2022.
             Was a Believer of Yredelemnul.
             Killed from afar by a salamander tyrant (26 damage)
             ... with a flame surge
             ... on level 3 of the Snake Pit.
             The game lasted 01:05:20 (29150 turns).

Rennog the Warrior (Ogre Fighter)                  Turns: 29150, Time: 01:05:21

Health: 0/189      AC:  8    Str: 33    XL:     16   Next: 88%
Magic:  22/22      EV: 16    Int:  9    God:    Yredelemnul [**....]
Gold:   1932       SH: 11    Dex: 20    Spells: 15/15 levels left

rFire   . . .      SeeInvis .   O - +5 demon whip (drain)
rCold   x . .      Faith    .   c - +0 kite shield
rNeg    . . .      Spirit   .   v - +0 steam dragon scales
rPois   +          Reflect  .   (helmet restricted)
rElec   .          Harm     .   Z - +0 cloak
rCorr   .          Rampage  .   (gloves unavailable)
Will    ++...                   (boots unavailable)
Stlth   ++........              l - amulet of regeneration
HPRegen 1.21/turn               U - ring "Kycvoggi" {rPois rC- Will+ Str+9 Slay-5}
MPRegen 0.18/turn               M - +6 ring of dexterity

@: about to teleport
A: large, unfitting armour, tough skin 1
a: Renounce Religion, Recall Undead Harvest, Dark Bargain


You were on level 3 of the Snake Pit.
You worshipped Yredelemnul.
Yredelemnul was aware of your devotion.
You visited 5 branches of the dungeon, and saw 26 of its levels.

You collected 1932 gold pieces.

Inventory:

Hand Weapons
 r - a +0 giant club
 D - a +4 scimitar of flaming
 O - a +5 demon whip of draining (weapon)
Armour
 c - a +0 kite shield (worn)
 v - +0 steam dragon scales (worn)
 Z - a +0 cloak (worn)
Jewellery
 a - a +6 ring of strength
 l - an amulet of regeneration (around neck)
 p - a ring of protection from cold
 y - a ring of resist corrosion
 M - a +6 ring of dexterity (right hand)
 P - a ring of positive energy
 U - the ring "Kycvoggi" (left hand) {rPois rC- Will+ Str+9 Slay-5}
   (You found it on level 14 of the Dungeon)

   [ring of poison resistance]

   Str:       It affects your strength (+9).
   Slay:      It affects your accuracy & damage with ranged weapons and melee
   (-5).
   rC:        It makes you vulnerable to cold.
   rPois:     It protects you from poison.
   Will:      It increases your willpower.
 X - a ring of willpower
Wands
 m - a wand of iceblast (6)
 t - a wand of digging (12)
 G - a wand of charming (13)
 H - a wand of flame (12)
 K - a wand of polymorph (13)
 Q - a wand of acid (9)
 R - a wand of paralysis (8)
Scrolls
 b - 4 scrolls of teleportation
 h - 3 scrolls of torment
 i - 2 scrolls of magic mapping
 o - a scroll of identify
 q - 7 scrolls of vulnerability
 s - 2 scrolls of fog {unknown}
 A - a scroll of summoning
 B - 3 scrolls of holy word
 F - 4 scrolls of fear
 J - a scroll of immolation {unknown}
 V - 2 scrolls of enchant armour {unknown}
 W - 2 scrolls of amnesia {unknown}
 Y - 2 scrolls of blinking {unknown}
Potions
 d - 3 potions of might
 e - 8 potions of mutation
 f - 9 potions of curing
 j - 2 potions of berserk rage {unknown}
 k - 5 potions of heal wounds
 n - 2 potions of resistance
 u - 2 potions of attraction
 w - a potion of brilliance {unknown}
 x - a potion of flight {unknown}
 z - a potion of lignification {unknown}
 C - 2 potions of magic {unknown}
 E - a potion of haste {unknown}
 I - a potion of cancellation {unknown}
 N - a potion of ambrosia {unknown}
 T - a potion of invisibility {unknown}
Miscellaneous
 g - a box of beasts
 L - a condenser vane
 S - a phantom mirror


   Skills:
 * Level 19.1 Fighting
 * Level 17.4 Maces & Flails
 + Level 7.2 Armour
 + Level 11.1 Dodging
 - Level 8.7 Shields
 - Level 9.0 Invocations
 + Level 7.1 Evocations


You had 15 spell levels left.
You didn't know any spells.
Your spell library contained the following spells:

 Spells                   Type           Power      Damage    Failure   Level
 Animate Skeleton         Necr           0%         N/A       61%         1
 Apportation              Tloc           0%         N/A       61%         1
 Foxfire                  Conj/Fire      0%         2x1d4     61%         1
 Summon Small Mammal      Summ           0%         N/A       61%         1
 Blink                    Tloc           0%         N/A       75%         2
 Corpse Rot               Necr/Air       0%         N/A       75%         2
 Ensorcelled Hibernation  Hex/Ice        0%         N/A       75%         2
 Poisonous Vapours        Pois/Air       0%         N/A       75%         2
 Sublimation of Blood     Necr           0%         N/A       75%         2
 Conjure Flame            Conj/Fire      0%         6-21      93%         3
 Dazzling Flash           Conj/Hex       0%         N/A       93%         3
 Ignite Poison            Fire/Tmut/Pois 0%         N/A       93%         3
 Inner Flame              Hex/Fire       0%         N/A       93%         3
 Mephitic Cloud           Conj/Pois/Air  0%         N/A       93%         3
 Ozocubu's Armour         Ice            0%         N/A       93%         3
 Dispel Undead            Necr           0%         3d6       100%        4
 Flame Wave               Conj/Fire      0%         2d4       100%        4
 Olgreb's Toxic Radiance  Pois           0%         N/A       100%        4
 Agony                    Necr           0%         N/A       100%        5
 Alistair's Intoxication  Tmut/Pois      0%         N/A       100%        5
 Borgnjor's Vile Clutch   Necr/Erth      0%         N/A       100%        5
 Freezing Cloud           Conj/Ice/Air   0%         6-21      100%        5
 Silence                  Hex/Air        0%         N/A       100%        5
 Eringya's Noxious Bog    Tmut/Pois      0%         N/A       100%        6
 Ozocubu's Refrigeration  Ice            0%         4d5       100%        7
 Ignition                 Fire           0%         3d3       100%        8
 Chain Lightning          Conj/Air       0%         N/A       100%        9
 Fire Storm               Conj/Fire      0%         5d1       100%        9
 Shatter                  Erth           0%         3d5*      100%        9
 Death Channel            Necr           Unusable   N/A       N/A         6

Dungeon Overview and Level Annotations

Branches:
Dungeon (15/15)            Temple (1/1) D:7            Lair (6/6) D:11
 Shoals (0/4) Lair:3        Snake (3/4) Lair:4        Slime (0/5) Lair:5
    Orc (1/2) D:12         Vaults (0/5) D:14         Depths (0/4) D:15

Altars:
Ashenzari
Cheibriados
Dithmenos
Elyvilon
Fedhas
Gozag
Hepliaklqana
Kikubaaqudgha
Makhleb
Nemelex Xobeh
Okawaru
Qazlal
Ru
Sif Muna
Trog
Uskayaw
Vehumet
Wu Jian
Xom
Yredelemnul
Zin
The Shining One

Portals:
Abyss: Lair:3

Annotations:
D:6 Blork the orc
D:10 Urug
D:14 exclusion: ice statue
Lair:3 2 transporters, Esoa's ghost, journeyman DsMo


Innate Abilities, Weirdness & Mutations

You are too large for most types of armour.
You have tough skin. (AC +1)


Message History

Your bound black mamba barely misses the black mamba.
The salamander tyrant calls gouts of flame from the lava!
The flame surge hits you!!!
The flame surge hits your bound black mamba!!
Your bound black mamba is destroyed!
The flame surge hits your spectral mana viper!!
You can no longer trade souls for undead servants.
You are too injured to fight recklessly!
You are too injured to fight recklessly!
You are too injured to fight recklessly!
You are too injured to fight recklessly!
The black mamba bites you. The black mamba barely misses you.
The black mamba misses you.
Your spectral mana viper bites the black mamba!
The black mamba closely misses you.
You whack the black mamba!
You kill the black mamba!
A black mist starts to gather...
You can now trade souls for undead servants.
Your spectral mana viper bites the black mamba!
The black mamba bites your spectral mana viper.
The black mamba bites your spectral mana viper.
Your black mamba zombie closely misses the black mamba.
Your spectral mana viper closely misses the black mamba.
The salamander tyrant rends the earth beneath you!
The blast of magma engulfs you!!!
* * * LOW HITPOINT WARNING * * *
The blast of magma engulfs your spectral mana viper!
As you read the scroll of teleportation, it crumbles to dust.
You feel strangely unstable.
The black mamba barely misses your spectral mana viper.
Your black mamba zombie bites the black mamba!
The black mamba dies!
The salamander hits your spectral mana viper with a +0 trident!!
Your spectral mana viper is destroyed!
Your black mamba zombie bites the salamander but does no damage.
The salamander tyrant calls gouts of flame from the lava!
The flame surge hits you!!
You die...
Your body rises from the dead as a mindless zombie.

.. ..
#............. #...
## .
#.####.........
..... # .....#
#.).........#...
...#.
#..........###..
.....# #.........
##. ......#
###........ #..
.......##..........
..#
......Z≈Z.#........
..
....NN..@###.....##
...NN...≈# ...###
..........# ##.#
..........# .#
#.#####...# .. #
#.... . #..### ##.#
##


You could see a salamander tyrant (ally target), 3 salamanders, a friendly black
mamba zombie and a friendly naga zombie.

Vanquished Creatures
  4 naga warriors
  3 boulder beetles
  3 centaur warriors
  5 hydras
  7 anacondas
  3 tengu warriors
  Erica (D:8)
  2 death yaks (Lair:5)
  4 two-headed ogres
  A shock serpent (Snake:1)
  A fire crab (shapeshifter) (D:13)
  A naga sharpshooter (Snake:1)
  A salamander mystic (Snake:2)
  4 skeletal warriors
  A naga ritualist (Snake:3)
  A deep elf pyromancer (D:12)
  A necromancer (D:15)
  A phantasmal warrior (D:15)
  A tengu zombie (D:15)
  3 mana vipers
  A wolf spider (Lair:6)
  15 ugly things
  An orc sorcerer (Orc:1)
  3 manticores
  17 black mambas
  5 salamanders
  10 elephants
  3 cyclopes
  A fire giant skeleton (D:15)
  4 guardian serpents
  6 naga magi
  14 cane toads
  A spriggan zombie (D:15)
  Maggie (D:8)
  2 gargoyles
  Psyche (D:8)
  3 rime drakes
  An efreet (D:15)
  8 komodo dragons
  3 unseen horrors
  3 trolls
  A polar bear (shapeshifter) (D:15)
  A hornet (Lair:6)
  A wind drake (Lair:3)
  A polar bear (Lair:4)
  3 raiju (shapeshifter)
  2 dream sheep (Lair:6)
  19 blink frogs
  A dream sheep (shapeshifter) (D:15)
  A vampire (D:12)
  3 shadows
  A centaur simulacrum (D:15)
  4 wraiths
  55 yaks
  12 wyverns
  5 vampire mosquitoes
  A basilisk (D:8)
  3 wargs (Orc:1)
  A steam dragon (D:6)
  13 nagas
  Duvessa (D:7)
  2 acid dragons
  18 water moccasins
  8 orc warriors
  2 black bears
  A cane toad zombie (Lair:6)
  An ice beast (shapeshifter) (D:14)
  A black bear (shapeshifter) (D:15)
  An ice beast (D:6)
  A swamp drake (Lair:6)
  A necrophage (D:5)
  6 wolves
  5 ogres
  12 centaurs
  2 kobold brigands
  A phantom (D:5)
  11 bullfrogs
  A scorpion (D:6)
  Dowan (D:7)
  A wyvern skeleton (D:3)
  3 killer bees (D:9)
  A yak zombie (Lair:6)
  11 wights
  2 electric eels (D:14)
  4 centaur zombies
  3 hounds
  10 orc priests
  A bullfrog zombie (D:7)
  A centaur skeleton (D:7)
  2 gnoll shamans
  8 jellies
  2 bullfrog skeletons
  4 iguanas
  15 orc wizards
  A hell rat (Lair:6)
  A hound zombie (D:5)
  A hound skeleton (D:5)
  10 gnolls
  4 adders
  A shadow imp (D:6)
  An ufetubus (D:7)
  2 worms
  2 dart slugs (D:3)
  30 orcs
  7 bats
  6 endoplasms
  4 giant cockroaches
  8 goblins
  12 hobgoblins
  7 ball pythons
  2 frilled lizards (D:2)
  14 kobolds
  8 rats
544 creatures vanquished.

Vanquished Creatures (collateral kills)
  A caustic shrike zombie (D:15)
  Snorg (D:12)
  2 hydras
  Harold (D:11)
  2 boulder beetles
  An anaconda (Snake:2)
  A naga warrior (Snake:2)
  A catoblepas (Lair:4)
  A centaur warrior (D:9)
  A death yak (Lair:5)
  A shock serpent (Snake:3)
  2 naga sharpshooters
  A skeletal warrior (D:13)
  2 naga ritualists
  3 ugly things (D:15)
  A lindwurm (Lair:5)
  An orc sorcerer (Orc:1)
  A mana viper (Snake:3)
  A cyclops (D:14)
  6 salamanders
  A centaur zombie (D:11)
  6 elephants
  9 black mambas
  An ice statue (D:14)
  4 cane toads
  5 komodo dragons
  2 tengu conjurers
  3 hornets
  10 blink frogs
  Prince Ribbit (D:9)
  3 dream sheep (Lair:6)
  22 yaks
  2 basilisks
  4 wyverns (Lair:6)
  2 redbacks (Lair:6)
  A vampire mosquito (D:13)
  A warg (Orc:1)
  2 acid dragons
  17 nagas
  6 water moccasins
  2 orc warriors (D:11)
  A bullfrog (Lair:1)
  A scorpion (Lair:1)
  A killer bee (D:9)
  2 jellies
  A wight (D:8)
  3 orc priests
  An orc wizard (Orc:1)
  3 hell rats (Lair:6)
  11 orcs
  A bush (Lair:6)
160 creatures vanquished.

Vanquished Creatures (others)
  A spectral hydra (D:13)
  An anaconda zombie (Snake:1)
  A wizard (D:14)
  7 ugly thing zombies (D:15)
  2 spectral mana vipers
  A spectral black mamba (Snake:3)
  A guardian serpent zombie (Snake:2)
  3 black mamba zombies
  A cane toad zombie (Lair:1)
  A spectral efreet (D:15)
  A hornet zombie (Lair:6)
  A manticore zombie (D:13)
  An elephant zombie (Lair:6)
  5 blink frog zombies
  A dream sheep zombie (D:15)
  9 naga zombies
  A human zombie (D:11)
  A spectral wyvern (Orc:1)
  A vampire mosquito zombie (D:13)
  4 salamander zombies
  A rime drake zombie (Lair:2)
  3 komodo dragon zombies
  2 cyclops zombies
  A wyvern zombie (Lair:5)
  2 water moccasin zombies
  3 warg zombies (Orc:1)
  9 yak zombies
  A tengu zombie (D:13)
  A raiju zombie (D:15)
  5 bullfrog zombies
  A basilisk zombie (D:13)
  6 centaur zombies
  A black bear zombie (D:15)
  A scorpion zombie (Lair:1)
  2 acid dragon zombies
  An ogre zombie (Orc:1)
  A hell rat zombie (Lair:6)
  3 spectral jellies (Lair:5)
  An iguana zombie (D:7)
  19 orc zombies
  A kobold zombie (D:10)
  A spectral endoplasm (Lair:5)
  7 bushes (Lair:6)
  76 fungi
  129 plants
  5 withered plants (D:15)
327 creatures vanquished.

Grand Total: 1031 creatures vanquished

Notes
Turn   | Place    | Note
-------+----------+-------------------------------------------
     0 | D:1      | Rennog the Ogre Fighter began the quest for the Orb.
     0 | D:1      | Reached XP level 1. HP: 24/24 MP: 1/1
   351 | D:1      | Reached XP level 2. HP: 22/33 MP: 2/2
   535 | D:1      | Reached skill level 5 in Fighting
   984 | D:1      | Reached XP level 3. HP: 42/42 MP: 3/3
  1330 | D:2      | Found an ornate altar of the Wu Jian Council.
  1743 | D:2      | Reached skill level 6 in Fighting
  1971 | D:2      | Found a faded altar of an unknown god.
  2361 | D:3      | Reached XP level 4. HP: 52/52 MP: 4/4
  2643 | D:3      | Reached XP level 5. HP: 7/59 MP: 5/5
  3739 | D:4      | Reached XP level 6. HP: 47/67 MP: 6/6
  4829 | D:4      | Reached skill level 5 in Maces & Flails
  4855 | D:5      | Entered Level 5 of the Dungeon
  4925 | D:5      | Reached XP level 7. HP: 61/75 MP: 7/7
  5914 | D:6      | Reached XP level 8. HP: 82/83 MP: 8/8
  5985 | D:6      | Reached skill level 10 in Maces & Flails
  6151 | D:6      | Found a broken altar of Ashenzari.
  6152 | D:6      | Noticed Blork the orc
  6615 | D:7      | Noticed Dowan
  6618 | D:7      | Noticed Duvessa
  6648 | D:7      | Killed Duvessa
  6649 | D:7      | Reached XP level 9. HP: 84/89 MP: 9/9
  6669 | D:7      | Killed Dowan
  7084 | D:7      | Found a staircase to the Ecumenical Temple.
  7094 | Temple   | Entered the Ecumenical Temple
  7167 | Temple   | Became a worshipper of Yredelemnul the Dark
  7281 | D:7      | Reached * piety under Yredelemnul
  7333 | D:7      | Noticed a troll
  8239 | D:8      | Reached ** piety under Yredelemnul
  8240 | D:8      | Reached skill level 1 in Armour
  8246 | D:8      | Reached skill level 7 in Fighting
  8255 | D:8      | Reached XP level 10. HP: 66/104 MP: 10/10
  8263 | D:8      | Reached *** piety under Yredelemnul
  8263 | D:8      | Reached skill level 8 in Fighting
  8599 | D:8      | Reached skill level 9 in Fighting
  8714 | D:8      | Noticed Maggie
  8728 | D:8      | Killed Maggie
  8790 | D:8      | Noticed Erica
  8889 | D:9      | Noticed a two-headed ogre
  8889 | D:9      | Noticed a two-headed ogre
  9072 | D:8      | Killed Erica
  9073 | D:8      | Reached skill level 10 in Fighting
  9073 | D:8      | Reached skill level 5 in Dodging
  9437 | D:8      | Reached skill level 11 in Fighting
  9444 | D:8      | Reached XP level 11. HP: 93/120 MP: 11/11
  9794 | D:9      | Found a white marble altar of Elyvilon.
  9862 | D:9      | Noticed a centaur warrior
  9871 | D:9      | Noticed Psyche
  9892 | D:8      | Killed Psyche
 10100 | D:9      | Reached skill level 12 in Fighting
 10210 | D:9      | Noticed a two-headed ogre
 10223 | D:9      | Killed a two-headed ogre
 10299 | D:9      | Reached **** piety under Yredelemnul
 10299 | D:9      | Reached skill level 5 in Armour
 10325 | D:9      | Noticed Prince Ribbit
 10339 | D:9      | Killed Prince Ribbit
 10340 | D:9      | Reached ***** piety under Yredelemnul
 10340 | D:9      | Reached skill level 13 in Fighting
 10403 | D:9      | Killed a centaur warrior
 10544 | D:9      | Killed a two-headed ogre
 10550 | D:9      | Killed a two-headed ogre
 10580 | D:9      | Noticed Harold
 10588 | D:9      | Reached ****** piety under Yredelemnul
 10788 | D:10     | Entered Level 10 of the Dungeon
 10817 | D:10     | Reached skill level 1 in Invocations
 10987 | D:10     | Noticed Urug
 11047 | D:10     | Reached skill level 14 in Fighting
 11047 | D:10     | Reached XP level 12. HP: 60/139 MP: 13/13
 12028 | D:11     | Found a staircase to the Lair.
 12145 | D:11     | Killed Harold
 12172 | D:11     | Your ally Harold died
 12464 | D:11     | Noticed a four-headed hydra
 12471 | D:11     | Killed a four-headed hydra
 12472 | D:11     | Reached skill level 5 in Invocations
 12721 | D:11     | Reached skill level 15 in Fighting
 12852 | D:12     | Found a staircase to the Orcish Mines.
 13147 | D:12     | Noticed Snorg
 13231 | D:12     | Noticed an eight-headed hydra
 13242 | D:12     | Killed an eight-headed hydra
 13394 | D:12     | Noticed a boulder beetle
 13459 | Lair:1   | Entered Level 1 of the Lair of Beasts
 13857 | Lair:1   | Reached XP level 13. HP: 151/152 MP: 18/18
 14257 | Lair:1   | Reached skill level 16 in Fighting
 15739 | Lair:3   | Found a transporter.
 15739 | Lair:3   | Found a one-way gate to the infinite horrors of the Abyss.
 15739 | Lair:3   | Noticed Esoa's ghost (journeyman DsMo)
 15741 | Lair:3   | Noticed a great orb of eyes
 15755 | Lair:3   | Found a transporter.
 15842 | Lair:3   | Found a staircase to the Shoals.
 16652 | Lair:4   | Found a staircase to the Snake Pit.
 16748 | Lair:4   | Reached skill level 17 in Fighting
 16952 | Lair:4   | Reached skill level 1 in Evocations
 16953 | Lair:4   | Reached skill level 15 in Maces & Flails
 16962 | Lair:4   | Reached XP level 14. HP: 105/166 MP: 20/20
 17811 | D:12     | Killed Snorg
 18936 | Lair:5   | Got A Primer on the Arcane Arts
 19156 | Lair:5   | Reached skill level 5 in Shields
 19227 | Lair:5   | Found a staircase to the Slime Pits.
 19812 | Lair:6   | Entered Level 6 of the Lair of Beasts
 20230 | Lair:6   | Reached skill level 5 in Evocations
 20246 | Lair:6   | Reached XP level 15. HP: 87/174 MP: 21/21
 20650 | Lair:6   | Reached skill level 10 in Dodging
 20898 | Lair:6   | Paralysed by a hornet for 2 turns
 22180 | Orc:1    | Entered Level 1 of the Orcish Mines
 22323 | Orc:1    | Noticed an orc warlord
 23044 | D:14     | Identified the ring "Kycvoggi" {rPois rC- Will+ Str+9
                  | Slay-5}
 23827 | D:14     | Found a gate to the Vaults.
 24088 | D:15     | Entered Level 15 of the Dungeon
 24860 | D:15     | Reached XP level 16. HP: 65/185 MP: 19/22
 25015 | D:15     | Found a staircase to the Depths.
 25203 | D:15     | Found a broken altar of Ashenzari.
 25842 | Snake:1  | Entered Level 1 of the Snake Pit
 25916 | Snake:1  | Reached skill level 18 in Fighting
 28674 | Snake:3  | Reached skill level 19 in Fighting
 29150 | Snake:3  | Killed from afar by a salamander tyrant

Illustrated notes

Levels and vault maps discovered:
D:1:      dpeg_arrival_pond, layout_basic, minmay_statues_item
D:2:      layout_basic, basic_altar, basic_ecumenical_altar, minmay_pentomino_r4
D:3:      layout_loops_cross
D:4:      layout_gridville, minivault_14
D:5:      layout_loops_corners, item_on_display_b
D:6:      layout_cave_pools, amcnicky_altar_gilded, uniq_blork_the_orc
D:7:      layout_loops_ring, minmay_temple_entry_statues_pillars,
          hangedman_glass_teeth, minmay_misc_feat_pillars, uniq_duvessa
D:8:      hellmonk_crumbling_castle, layout_basic, minmay_misc_feat_plants,
          uniq_maggie, uniq_erica
D:9:      layout_basic, minmay_ruined_shrine, uniq_harold, uniq_prince_ribbit1,
          uniq_psyche
D:10:     layout_loops_cross, uniq_urug
D:11:     layout_cave_pools, david_lair_shrubbed
D:12:     layout_long_grid, orc_0_dummy, kennysheep_generic_room_3, uniq_snorg
D:13:     layout_long_grid
D:14:     layout_cave_pools, david_vaults_1, kennysheep_minor_cross,
          portal_ice_cave_entry_ice_statue_one, minivault_1,
          kennysheep_nondescript
D:15:     gammafunk_depths_entry_grave, layout_basic,
          ashenzari_conservatory_becter
Temple:   compressed_dpeg_triangle_lava_temple
Lair:1:   layout_big_grid, minivault_23, nicolae_quartered_pool_impasse,
          minmay_shattered_shrine, infiniplex_staircase_pool_2
Lair:2:   layout_gridlike, minmay_lindwurm_lava
Lair:3:   layout_chaotic_city, minmay_shoals_entry_beasts,
          gammafunk_ghost_abyssal_escape, minivault_26,
          chequers_serial_rivers_marsh, ldierk_geyser, serial_bayou_shore_b,
          serial_bayou_shore_b
Lair:4:   layout_cave_pods, guppyfry_snake_entry_island, grunt_megastairs_5
Lair:5:   layout_cave_pods, nicolae_slime_entry_slimehenge
Lair:6:   hangedman_lair_tendril_chambers, layout_small_grid,
          hibernation_bobbens
Snake:1:  layout_layer_cave
Snake:2:  layout_onion_interference
Snake:3:  layout_chambers
Orc:1:    layout_caves, basic_altar, guppyfry_library_mini

Skill      XL: |  1  2  3  4  5  6  7  8  9 10 11 12 13 14 15 16 |
---------------+-------------------------------------------------+-----
Fighting       | 5 6 7 11 14 15 17 19 | 19.1
Maces & Flails | 2 3 4 6 9 12 14 15 16 17 | 17.4
Dodging        | 3 5 7 8 9 10 11 | 11.1
Armour         | 1 4 5 6 7 |  7.2
Invocations    | 2 6 9 |  9.0
Shields        | 3 6 8 |  8.7
Evocations     | 1 5 6 7 |  7.1

Action                   |  1- 3 |  4- 6 |  7- 9 | 10-12 | 13-15 | 16-18 || total
-------------------------+-------+-------+-------+-------+-------+-------++-------
Melee: Flail             |   121 |   181 |   282 |   616 |     9 |       ||  1209
       Demon whip        |       |       |       |       |  1086 |   372 ||  1458
Invok: Recall Undead Har |       |       |     1 |     8 |    15 |     6 ||    30
       Dark Bargain      |       |       |       |     1 |       |       ||     1
       Bind Soul         |       |       |       |       |     3 |     1 ||     4
Evoke: Condenser vane    |       |       |       |       |     1 |     1 ||     2
       Box of beasts     |       |       |       |       |       |     1 ||     1
  Use: Potion            |       |       |       |     2 |       |       ||     2
       Scroll            |       |       |       |     8 |     9 |     1 ||    18
 Stab: Distracted        |     1 |       |       |     4 |    17 |     9 ||    31
       Sleeping          |       |     1 |       |     1 |     3 |     1 ||     6
       Paralysed         |       |       |       |       |     1 |       ||     1
       Confused          |       |       |       |       |     3 |       ||     3
Armor: Robe              |    39 |    49 |    19 |       |       |       ||   107
       Steam dragon scal |       |       |    54 |   123 |   166 |    38 ||   381
Dodge: Dodged            |    47 |    83 |    92 |   205 |   435 |   152 ||  1014
Block: Kite shield       |    52 |   100 |    98 |   220 |   369 |   165 ||  1004

Table legend: (Time is in decaauts)
 A = Elapsed time spent in this place.
 B = Non-inter-level travel time spent in this place.
 C = Inter-level travel time spent in this place.
 D = Time resting spent in this place.
 E = Time spent auto-exploring this place.
 F = Levels seen in this place.
 G = Mean time per level.
                   A        B        C        D        E       F      G
               +--------+--------+--------+--------+--------+-----+--------+
         Total |  28697 |  26242 |   2455 |   3522 |  17044 |  26 | 1103.7 |
       Dungeon |  17661 |  15951 |   1710 |   2034 |  10472 |  15 | 1177.4 |
        Temple |     88 |     67 |     21 |      0 |     46 |   1 |   88.0 |
          Lair |   7604 |   6938 |    666 |    826 |   4589 |   6 | 1267.3 |
     Snake Pit |   3178 |   3121 |     57 |    662 |   1876 |   3 | 1059.3 |
  Orcish Mines |    164 |    164 |      0 |      0 |     61 |   1 |  164.0 |
               +--------+--------+--------+--------+--------+-----+--------+

Top non-repeatable levels by time:
     D:8: 2096 daAuts
  Lair:1: 1908 daAuts
 Snake:1: 1714 daAuts
  Lair:6: 1598 daAuts
     D:4: 1546 daAuts
     D:2: 1385 daAuts
    D:15: 1362 daAuts
     D:1: 1264 daAuts
    D:11: 1186 daAuts
    D:12: 1171 daAuts
  Lair:5: 1151 daAuts
     D:5: 1117 daAuts
    D:13: 1099 daAuts
    D:14: 1024 daAuts
  Lair:2: 1017 daAuts
